AoeStats
← BulucChabtan4

Arena

510026666Analyzed
1v1 RM · 4d ago on Sep 29, 2026· 53m 21s· 2 players
Game mode
Random Map
Map size
Tiny (2 player)
Population
200
Speed
Normal
Resources
Standard
Victory
Conquest
Starting age
Dark Age
Ending age
Imperial Age
RankedLock teamsTeams togetherTeam positionsShared explorationLock speedFull tech treeHidden civsTurbo modeCheats
Victory
Defeat
🇲🇽 Turks · Mexico
1317
+14
🇨🇳 Khmer · China
1282
-14
BulucChabtan4
12:04 Feudal Age
16:10 Castle Age
15:00 Double-Bit Axe
14:56 Horse Collar
17:51 Bow Saw
17:50 Heavy Plow
18:05 Loom
20:29 Wheelbarrow
21:22 Gold Mining
26:26 Imperial Age
24:27 Hand Cart
24:33 Hand Cart
24:06 Town Watch
25:03 Town Patrol
25:15 Scale Barding Armor
25:20 Forging
25:53 Forging
26:04 Bloodlines
25:55 Husbandry
26:31 Heavy Camel Rider
28:10 Iron Casting
28:47 Two-Man Saw
30:10 Blast Furnace
30:41 Chain Barding Armor
36:11 Conscription
木林
10:01 Feudal Age
13:04 Castle Age
11:31 Double-Bit Axe
11:31 Horse Collar
14:44 Husbandry
16:59 Loom
20:04 Stone Mining
22:17 Heavy Plow
22:37 Bow Saw
26:41 Imperial Age
25:00 Gold Mining
26:40 Wheelbarrow
25:51 Town Watch
26:41 Scale Barding Armor
26:11 Light Cavalry
27:01 Bloodlines
27:51 Gold Shaft Mining
28:00 Hussar
29:16 Crop Rotation
29:10 Ballistics
29:12 Chain Barding Armor
30:51 Plate Barding Armor
30:27 Forging
34:42 Conscription
37:55 Chemistry
37:28 Fletching
38:04 Pikeman
38:30 Arson
40:25 Iron Casting
40:50 Scale Mail Armor
42:57 Cavalier
44:22 Siege Engineers
45:12 Double Crossbow
46:40 Heavy Scorpion
51:20 Halberdier
52:20 Chain Mail Armor
Connection lost

Rejoining the realm…

Still unreachable

The connection could not be restored.

Session expired

The server has moved on; the page needs a fresh start.